 Dungeon Crawl Stone Soup version 0.29.1-13-g9f3cf754e1 (webtiles) character file.

Game seed: 11915574510794928603

88 cheesebisquit the Cudgeller (level 4, 0/44 HPs)
             Began as a Troll Fighter on Jan 25, 2023.
             Slain by a hobgoblin (3 damage)
             ... led by Robin
             ... on level 2 of the Dungeon.
             The game lasted 00:07:19 (855 turns).

cheesebisquit the Cudgeller (Troll Fighter)          Turns: 855, Time: 00:07:20

Health: 0/44       AC:  4    Str: 26    XL:     4   Next: 30%
Magic:  3/3        EV:  9    Int: 10    God:
Gold:   119        SH:  9    Dex: 14    Spells: 3/3 levels left

rFire   . . .      SeeInvis .   a - +0 flail (vorpal)
rCold   . . .      Faith    .   n - +1 kite shield "Ocidolud" {Dex+5}
rNeg    + . .      Spirit   .   i - +0 robe {rN+}
rPois   .          Reflect  .   (helmet restricted)
rElec   .          Harm     .   (no cloak)
rCorr   +          Rampage  .   (gloves unavailable)
Will    .....                   (boots unavailable)
Stlth   +.........              (no amulet)
HPRegen 0.94/turn               f - +6 ring of intelligence
MPRegen 0.08/turn               h - ring of resist corrosion

@: mighty
A: large, unfitting armour, claws 3, regeneration 1, shaggy fur 1, tough skin 1
a: no special abilities


You were on level 2 of the Dungeon.
You visited 1 branch of the dungeon, and saw 2 of its levels.

You collected 119 gold pieces.

Inventory:

Hand Weapons
 a - a +0 vorpal flail (weapon)
Armour
 i - a +0 robe of positive energy (worn)
 n - the +1 kite shield "Ocidolud" (worn) {Dex+5}
   (You found it on level 2 of the Dungeon)

   Dex:       It affects your dexterity (+5).
Jewellery
 f - a +6 ring of intelligence (left claw)
 h - a ring of resist corrosion (right claw)
Scrolls
 b - a scroll of brand weapon
Potions
 d - a potion of might
 e - a potion of attraction {unknown}
 g - a potion of degeneration {unknown}
 j - a potion of haste {unknown}
 k - 2 potions of heal wounds {unknown}
 l - a potion of cancellation {unknown}
 m - a potion of ambrosia {unknown}


   Skills:
 - Level 2.4 Fighting
 + Level 4.2 Maces & Flails
 - Level 2.4 Dodging
 - Level 2.6 Shields


You had 3 spell levels left.
You didn't know any spells.
Your spell library was empty.

Dungeon Overview and Level Annotations

Branches:
Dungeon (2/15)

Altars:


Innate Abilities, Weirdness & Mutations

You are too large for most types of armour.
You have claws for hands.
Your natural rate of healing is unusually fast.
You are covered in fur. (AC +1)
You have tough skin. (AC +1)


Message History

The goblin hits you but does no damage.
You closely miss the goblin. The goblin hits you with a +0 club.
The hobgoblin hits you. The goblin closely misses you.
You block the goblin's attack.
You closely miss the goblin.
The goblin no longer looks unusually strong.
The goblin hits you but does no damage. You block the goblin's attack.
The hobgoblin hits you. You block the goblin's attack. x2
The goblin hits you but does no damage. x2; The hobgoblin hits you.
The goblin hits you but does no damage. The hobgoblin barely misses you.
The goblin hits you with a +0 club.
You barely miss the goblin. The goblin closely misses you.
The hobgoblin hits you but does no damage. x2
The goblin hits you with a +0 club. The goblin misses you.
You block the goblin's attack.
You closely miss the goblin. The goblin hits you but does no damage.
The hobgoblin hits you. You block the goblin's attack.
The goblin hits you with a +0 club. The hobgoblin hits you.
You block the goblin's attack. The goblin hits you but does no damage.
The hobgoblin barely misses you. x2; The goblin hits you but does no damage.
The goblin hits you with a +0 club.
* * * LOW HITPOINT WARNING * * *
The goblin hits you with a +0 club.
* * * LOW HITPOINT WARNING * * *
You feel very mighty all of a sudden. The goblin hits you but does no damage.
You block the hobgoblin's attack. x2
You block the goblin's attack. x2; The goblin hits you with a +0 club.
* * * LOW HITPOINT WARNING * * *
You thump the goblin!
You kill the goblin!
The hobgoblin no longer looks unusually strong.
You block the goblin's attack. The hobgoblin misses you.
The hobgoblin hits you.
* * * LOW HITPOINT WARNING * * *
The goblin closely misses you. The goblin hits you but does no damage.
The hobgoblin attacks as you move away! The hobgoblin hits you.
* * * LOW HITPOINT WARNING * * *
The goblin attacks as you move away! The goblin barely misses you.
The hobgoblin hits you.
You die...

####### #.....# #.....#
#####.....## #####
...........# #....
##########.......####....
#.....gg##.......##......
.....ggg@..[.........[...
#......g#####.#####......
#.##...g. #.#######.##.
#.##### #.......#.##. .
#. #..).......#. #. .
#..........#. . .
#..........#. . ..
#............
########.....


You could see 3 hobgoblins and 4 goblins.

Vanquished Creatures
  Jessica (D:2)
  Robin (D:2)
  5 endoplasms
  A giant cockroach (D:1)
  7 goblins
  9 hobgoblins
  3 quokkas (D:1)
  4 ball pythons
  5 bats
  A frilled lizard (D:1)
  6 kobolds
  3 rats
46 creatures vanquished.

Notes
Turn   | Place    | Note
-------+----------+-------------------------------------------
     0 | D:1      | cheesebisquit the Troll Fighter began the quest for the
                  | Orb.
     0 | D:1      | Reached XP level 1. HP: 22/22 MP: 0/0
    29 | D:1      | Reached skill level 2 in Maces & Flails
    68 | D:1      | Reached XP level 2. HP: 23/29 MP: 1/1
   183 | D:1      | Found a faded altar of an unknown god.
   239 | D:1      | Reached skill level 3 in Maces & Flails
   322 | D:1      | Reached XP level 3. HP: 31/36 MP: 2/2
   590 | D:2      | Noticed Robin
   726 | D:2      | Noticed Jessica
   762 | D:2      | Killed Jessica
   763 | D:2      | Reached skill level 4 in Maces & Flails
   763 | D:2      | Reached XP level 4. HP: 44/44 MP: 3/3
   799 | D:2      | Identified the +1 kite shield "Ocidolud" {Dex+5}
   840 | D:2      | Killed Robin
   855 | D:2      | HP: 2/44 [hobgoblin[Robin] (4)]
   855 | D:2      | Slain by a hobgoblin

Illustrated notes

Levels and vault maps discovered:
D:1:      dpeg_arrival_lava_temple_mockup, layout_rooms,
          shapermc_ecumenical_altar_venn,
          nicolae_concentric_dashed_squares_wild, minmay_tromino_v7
D:2:      layout_basic, basic_altar, uniq_robin, uniq_jessica

Skill      XL: |  1  2  3 |
---------------+----------+-----
Maces & Flails | 2 3 4 |  4.2
Fighting       | |  2.4
Dodging        | |  2.4
Shields        | |  2.6

Action                   |  1- 3 |  4- 6 || total
-------------------------+-------+-------++-------
Melee: Flail             |   112 |    18 ||   130
  Use: Scroll            |     3 |       ||     3
       Potion            |     2 |     1 ||     3
 Stab: Sleeping          |       |     1 ||     1
Armor: Robe              |    59 |    16 ||    75
Dodge: Dodged            |    52 |    15 ||    67
Block: Kite shield       |    47 |    24 ||    71
